[Event "Titled Tuesday Blitz March 29 Early 2022"]
[White "Ravi, Teja S."]
[Black "Zhigalko, Sergei"]
[WhiteFideId "5017220"]
[BlackFideId "13502956"]
[WhiteElo "2412"]
[BlackElo "2662"]
[Result "0-1"]
[Round "04"]
[TimeControl "180+1"]
[Date "2022.03.29"]
[WhiteClock "0:01:27"]
[BlackClock "0:01:29"]

1. d4 Nf6 2. c4 e6 3. Nc3 Bb4 4. e3 O-O 5. Bd2 b6 6. Nf3 Bb7 7. Bd3 d5 8. O-O a6 9. Rc1 Bd6 10. cxd5 exd5 11. Ne5 c5 12. f4 Nc6 13. Be1 cxd4 14. Nxc6 Bxc6 15. Ne2 Bd7 16. Nxd4 Re8 17. Rc3 Bb4 18. Rb3 Bc5 19. Bd2 Ba4 20. Qf3 Bxd4 21. Rb4 Bc5 22. Rxa4 b5 23. Rb4 Bxb4 24. Bxb4 Qb6 25. Re1 Rad8 26. Bc3 d4 27. Bd2 dxe3 28. Bxe3 Rxd3 0-1


[Site "https://www.chess.com"]

[Event "Titled Tuesday Blitz March 29 Early 2022"]
[White "Riehle, Marco"]
[Black "Gaehwiler, Gabriel"]
[WhiteFideId "12904392"]
[BlackFideId "1314530"]
[WhiteElo "2536"]
[BlackElo "2705"]
[Result "1/2-1/2"]
[Round "04"]
[TimeControl "180+1"]
[Date "2022.03.30"]
[WhiteClock "0:00:59"]
[BlackClock "0:00:20"]

1. e4 e5 2. Nf3 Nf6 3. Nxe5 d6 4. Nf3 Nxe4 5. Nc3 Nf6 6. d4 d5 7. Bd3 c6 8. O-O Be7 9. Ne5 O-O 10. Bg5 Nbd7 11. Re1 Nxe5 12. Rxe5 Be6 13. Qf3 h6 14. Bxh6 gxh6 15. Qf4 Kg7 16. Rg5+ hxg5 17. Qxg5+ Kh8 18. Qh6+ Kg8 19. Re1 Bd6 20. Qg5+ Kh8 21. Qh6+ Kg8 22. Qg5+ Kh8 23. Qh6+ Kg8 1/2-1/2


[Site "https://www.chess.com"]

[Event "Titled Tuesday Blitz March 29 Early 2022"]
[White "Ronka, Erik"]
[Black "Mirzoev, Azer"]
[WhiteFideId "505080"]
[BlackFideId "13400304"]
[WhiteElo "2264"]
[BlackElo "2525"]
[Result "1/2-1/2"]
[Round "04"]
[TimeControl "180+1"]
[Date "2022.03.30"]
[WhiteClock "0:00:05"]
[BlackClock "0:00:03"]

1. e4 c5 2. Nf3 e6 3. d4 cxd4 4. Nxd4 a6 5. Nc3 b5 6. Bd3 Bb7 7. O-O Qc7 8. Re1 Bc5 9. Nb3 Bd6 10. g3 Be5 11. f4 Bxc3 12. bxc3 Ne7 13. Qg4 O-O 14. f5 f6 15. fxe6 Qxc3 16. Bf4 dxe6 17. Qxe6+ Rf7 18. a4 Bc8 19. Qd6 bxa4 20. Bd2 Qc6 21. Qd8+ Rf8 22. Qxe7 axb3 23. cxb3 Nd7 24. Bc4+ Kh8 25. Bd5 Qb6+ 26. Be3 Qb8 27. Bxa8 Qxa8 28. Rad1 h6 29. Bf2 Qb8 30. Rxd7 Bxd7 31. Qxd7 Qxb3 32. Qd6 Ra8 33. Qd5 Qb8 34. Ra1 a5 35. Ra2 a4 36. Kg2 Ra6 37. Qc4 Qa8 38. h4 a3 39. Kh2 Ra4 40. Qd3 Rxe4 41. Rxa3 Ra4 42. Rxa4 Qxa4 43. Qd8+ Kh7 44. Qd3+ Kh8 45. Qe3 Qa2 46. Qf4 Qc2 47. Kg2 Qc6+ 48. Qf3 Qc2 49. Qd5 Kh7 50. Kf3 Qc3+ 51. Be3 Qe1 52. Qe4+ Kh8 53. Qa8+ Kh7 54. Qe4+ Kh8 55. Qd3 Qh1+ 56. Kf2 Qh2+ 57. Kf3 Qh1+ 58. Kg4 Qa8 59. Qf5 Qe8 60. Bf4 Qf7 61. Qc8+ Kh7 62. Qc2+ Kh8 63. Qe4 Kg8 64. Kf3 Kh8 65. Be3 Kg8 66. Bd4 Kh8 67. Be3 Kg8 68. Qf5 Kh8 69. h5 Kg8 70. g4 Qb7+ 71. Qe4 Qf7 72. Kf4 Qc7+ 73. Kf5 Qb8 74. Qe6+ Kh7 75. Qe4 Qb5+ 76. Kf4+ Kh8 77. Bd4 Qb8+ 78. Kf5 Qg8 79. Kf4 Qb8+ 80. Kf3 Qb3+ 81. Be3 Qb8 82. Qf4 Qa8+ 83. Qe4 Qb8 84. Bf4 Qc8 85. Qe3 Qc6+ 86. Qe4 Qc8 87. Be3 Qb8 1/2-1/2


[Site "https://www.chess.com"]

[Event "Titled Tuesday Blitz March 29 Early 2022"]
[White "Sahil, Tickoo"]
[Black "Hoffmann, Asa"]
[WhiteFideId "5019710"]
[BlackFideId "2001470"]
[WhiteElo "2099"]
[BlackElo "2117"]
[Result "1-0"]
[Round "04"]
[TimeControl "180+1"]
[Date "2022.03.30"]
[WhiteClock "0:00:38"]
[BlackClock "0:00:58"]

1. d4 Nf6 2. c4 c5 3. d5 e5 4. Nc3 d6 5. e4 Be7 6. Nf3 Nbd7 7. Be2 Nf8 8. O-O Ng6 9. g3 O-O 10. Kg2 h6 11. h4 a6 12. a4 Bd7 13. Rh1 Ne8 14. h5 Nh8 15. Nh4 Bg5 16. Bxg5 Qxg5 17. Qc1 f5 18. Qxg5 hxg5 19. Nxf5 Bxf5 20. exf5 Rxf5 21. Bg4 Rf8 22. Be6+ Kh7 23. Ne4 Kh6 24. a5 Rd8 25. Rae1 Nf6 26. Nxf6 gxf6 27. g4 Rb8 28. b4 b6 29. bxc5 bxc5 30. Rb1 Rb4 31. Rxb4 cxb4 32. Rb1 Rb8 33. Kf3 Kg7 34. Ke4 Nf7 35. Bxf7 Kxf7 36. Rb3 Rb7 37. Kf5 Rb8 38. h6 Rb7 39. h7 Kg7 40. Ke6 Kxh7 41. Kxd6 Kg6 42. c5 f5 43. gxf5+ Kxf5 44. c6 Rb5 45. c7 1-0


[Site "https://www.chess.com"]

[Event "Titled Tuesday Blitz March 29 Early 2022"]
[White "Salinas Herrera, Pablo"]
[Black "Le, Tuan Minh"]
[WhiteFideId "3407128"]
[BlackFideId "12401153"]
[WhiteElo "2541"]
[BlackElo "2450"]
[Result "1-0"]
[Round "04"]
[TimeControl "180+1"]
[Date "2022.03.29"]
[WhiteClock "0:00:07"]
[BlackClock "0:00:05"]

1. e4 d5 2. exd5 Qxd5 3. Nc3 Qa5 4. g3 Nf6 5. Bg2 c6 6. Nge2 Bf5 7. b4 Qc7 8. b5 e6 9. Rb1 Be7 10. O-O O-O 11. d3 Nbd7 12. a4 Rac8 13. Bd2 Rfd8 14. Qc1 e5 15. Qb2 h6 16. Be3 c5 17. a5 b6 18. axb6 axb6 19. Ra1 c4 20. d4 Bg4 21. h3 Bh5 22. Ra6 exd4 23. Nxd4 Bc5 24. Na4 Re8 25. Bf4 Bd6 26. Bxd6 Qxd6 27. Nc6 c3 28. Qxc3 Be2 29. Rb1 Ne4 30. Qe1 Nec5 31. Nxc5 Qxc5 32. Qb4 Qxc2 33. Nd4 Qd3 34. Ra3 Qg6 35. Bc6 Rcd8 36. Nxe2 Rxe2 37. Rd1 Qf6 38. Qf4 Qe7 39. Rad3 Re1+ 40. Rxe1 Qxe1+ 41. Kg2 Qe7 42. Qc7 Qf6 43. Rxd7 Rf8 44. Qd6 Qg5 45. h4 Qf5 46. Rd8 Rxd8 47. Qxd8+ Kh7 48. Qd5 Qf6 49. Qe4+ g6 50. Qe3 h5 51. Qxb6 Qe5 52. Qe3 Qc7 53. Qf3 Kg7 54. Bd5 f6 55. Qe4 Qc5 56. Bc4 g5 57. Qd5 Qb6 58. Qg8+ Kh6 59. Qh8+ Kg6 60. Qe8+ Kh6 61. hxg5+ fxg5 62. Qh8+ Kg6 63. Qc8 Qd4 64. Qc6+ Kg7 65. b6 h4 66. Qc7+ Kh6 67. gxh4 gxh4 68. Qc6+ Kg7 69. Qc7+ Kh6 70. b7 Qg4+ 71. Kh2 Qf3 72. Qd6+ Kg7 73. Qe5+ Kh6 74. Qe3+ 1-0


[Site "https://www.chess.com"]

[Event "Titled Tuesday Blitz March 29 Early 2022"]
[White "Sanal, Vahap"]
[Black "Zakhartsov, Vladimir"]
[WhiteFideId "6300545"]
[BlackFideId "4145097"]
[WhiteElo "2603"]
[BlackElo "2433"]
[Result "1-0"]
[Round "04"]
[TimeControl "180+1"]
[Date "2022.03.29"]
[WhiteClock "0:02:06"]
[BlackClock "0:01:28"]

1. e4 c5 2. Nc3 Nc6 3. Bb5 g6 4. Bxc6 dxc6 5. d3 Bg7 6. f4 Nf6 7. Nf3 Bg4 8. O-O O-O 9. h3 Bxf3 10. Qxf3 Nd7 11. Kh1 a5 12. Bd2 a4 13. Rae1 b5 14. e5 Rc8 15. e6 fxe6 16. Rxe6 Rf6 17. Rfe1 Bf8 18. Qg4 Nb6 19. Ne4 Rf5 20. Rxg6+ hxg6 21. Qxg6+ Kh8 22. Qxf5 Qd5 23. Qg6 Qg8 24. Bc3+ Bg7 25. Ng5 Qh7 26. Qxh7# 1-0


[Site "https://www.chess.com"]

[Event "Titled Tuesday Blitz March 29 Early 2022"]
[White "Sanchez, Robert"]
[Black "Cannon, David"]
[WhiteFideId "2034360"]
[BlackFideId "3213110"]
[WhiteElo "2261"]
[BlackElo "1901"]
[Result "1-0"]
[Round "04"]
[TimeControl "180+1"]
[Date "2022.03.30"]
[WhiteClock "0:01:19"]
[BlackClock "0:00:48"]

1. e4 c5 2. Nf3 e6 3. d4 cxd4 4. Nxd4 Nf6 5. Nc3 d6 6. Be3 a6 7. f3 b5 8. Qd2 b4 9. Nce2 Nbd7 10. O-O-O d5 11. Ng3 Bb7 12. Kb1 dxe4 13. fxe4 Nxe4 14. Nxe4 Bxe4 15. Bd3 Bb7 16. Rhe1 Be7 17. Bc4 Nb6 18. Bb3 a5 19. Qe2 Ba6 20. Qg4 Nd5 21. Nxe6 fxe6 22. Qxe6 Qd6 23. Qxd6 Bxd6 24. Bxd5 Rc8 25. Bf4+ Kd7 26. Be6+ 1-0


[Site "https://www.chess.com"]

[Event "Titled Tuesday Blitz March 29 Early 2022"]
[White "Sargsyan, Anna M."]
[Black "Kostiukov, Alexandr"]
[WhiteFideId "13308130"]
[BlackFideId "14108100"]
[WhiteElo "2645"]
[BlackElo "2326"]
[Result "1-0"]
[Round "04"]
[TimeControl "180+1"]
[Date "2022.03.30"]
[WhiteClock "0:01:24"]
[BlackClock "0:01:29"]

1. d4 g6 2. c4 Bg7 3. g3 d6 4. Bg2 e5 5. dxe5 dxe5 6. Qxd8+ Kxd8 7. Nc3 f6 8. Be3 c6 9. O-O-O+ Nd7 10. Ne4 Ke7 11. f4 exf4 12. gxf4 f5 13. Nd6 Ngf6 14. Nxc8+ Rhxc8 15. Nf3 Rd8 16. h3 Nh5 17. Kc2 Nb6 18. Bc5+ Kf7 19. Ng5+ Kg8 20. e3 Nxc4 21. b3 Na3+ 22. Bxa3 1-0


[Site "https://www.chess.com"]

[Event "Titled Tuesday Blitz March 29 Early 2022"]
[White "Sarkar, Justin"]
[Black "Bashirli, Saadat"]
[WhiteFideId "2010011"]
[BlackFideId "13429990"]
[WhiteElo "2038"]
[BlackElo "1173"]
[Result "1-0"]
[Round "04"]
[TimeControl "180+1"]
[Date "2022.03.30"]
[WhiteClock "0:00:06"]
[BlackClock "0:00:18"]

1. e4 c5 2. Nf3 g6 3. d4 cxd4 4. Nxd4 Nc6 5. c4 Nf6 6. Nc3 Nxd4 7. e5 Nf5 8. exf6 exf6 9. Be2 Bg7 10. O-O O-O 11. Nd5 Re8 12. Bf4 d6 13. Re1 Be6 14. Qd2 Bxd5 15. Qxd5 Re6 16. Bd3 Rxe1+ 17. Rxe1 Ne7 18. Qxb7 Bf8 19. b3 Rb8 20. Qxa7 Nc6 21. Qe3 Ne5 22. Be4 f5 23. Bd5 Ng4 24. Qd2 Bg7 25. h3 Nf6 26. c5 Nxd5 27. Qxd5 Qa5 28. Re7 Rf8 29. Bxd6 Qxa2 30. Rd7 Qa1+ 31. Kh2 Qb2 32. Bxf8 Be5+ 33. Kg1 Qc1+ 34. Qd1 Qf4 35. g3 Qe4 36. Bd6 Bf6 37. Bf4 Kg7 38. Qd5 Qe1+ 39. Kg2 Qe8 40. Rxf7+ Qxf7 41. Bh6+ Kg8 42. Qa8+ 1-0


[Site "https://www.chess.com"]

[Event "Titled Tuesday Blitz March 29 Early 2022"]
[White "Secer, Ata"]
[Black "Molina, Roberto Junio Brito"]
[WhiteFideId "6303293"]
[BlackFideId "2109450"]
[WhiteElo "2520"]
[BlackElo "2765"]
[Result "0-1"]
[Round "04"]
[TimeControl "180+1"]
[Date "2022.03.30"]
[WhiteClock "0:00:04"]
[BlackClock "0:00:15"]

1. e4 c6 2. d4 d5 3. Nd2 dxe4 4. Nxe4 Nd7 5. Bc4 Ngf6 6. Ng5 e6 7. Qe2 Nb6 8. Bb3 h6 9. N5f3 a5 10. a4 c5 11. Bf4 Nbd5 12. Be5 Qb6 13. O-O-O Be7 14. Kb1 Bd7 15. dxc5 Qxc5 16. Nd4 O-O 17. Ngf3 Rfd8 18. Nb5 Bxb5 19. Qxb5 Qxb5 20. axb5 Bc5 21. Bd4 Bxd4 22. Rxd4 Rdc8 23. Rhd1 Rc5 24. c4 Nb6 25. Rd8+ Rxd8 26. Rxd8+ Kh7 27. Rb8 Rc7 28. Ne5 Nfd7 29. Nxd7 Nxd7 30. Ra8 b6 31. Bc2+ g6 32. b3 Kg7 33. Kb2 f5 34. f4 g5 35. g3 gxf4 36. gxf4 Kf6 37. Bd1 Nc5 38. Rb8 Rb7 39. Rc8 Ke7 40. Bf3 Rd7 41. Bc6 Rd2+ 42. Kc3 Rd3+ 43. Kc2 Rxb3 44. Rb8 Rb4 45. Rxb6 Rxc4+ 46. Kd1 Rb4 47. Rb8 a4 48. Re8+ Kd6 49. Ra8 Ne4 50. Rd8+ Kc5 51. Rh8 Nc3+ 52. Kc2 Nxb5 53. Bxb5 Kxb5 54. Rxh6 Re4 55. Rh8 Kc4 56. Rb8 Kd4 57. Rb4+ Ke3 58. Rb6 Kxf4 59. h4 Kg4 60. h5 Kxh5 0-1


[Site "https://www.chess.com"]

[Event "Titled Tuesday Blitz March 29 Early 2022"]
[White "Seo, Jung Min"]
[Black "Manukyan, Sargis A."]
[WhiteFideId "1734687"]
[BlackFideId "13303970"]
[WhiteElo "2704"]
[BlackElo "2532"]
[Result "1-0"]
[Round "04"]
[TimeControl "180+1"]
[Date "2022.03.30"]
[WhiteClock "0:01:44"]
[BlackClock "0:01:10"]

1. d4 d5 2. c4 e6 3. Nf3 Nf6 4. Nc3 Be7 5. Bf4 c5 6. cxd5 Nxd5 7. Nxd5 Qxd5 8. e3 Nc6 9. Bb5 cxd4 10. Bxc6+ Qxc6 11. Qxd4 O-O 12. O-O Rd8 13. Qe5 Bf6 14. Qh5 g6 15. Qh6 Bxb2 16. Ng5 Bg7 17. Qxh7+ Kf8 18. Be5 f6 19. Bxf6 Qd7 20. Rad1 Bxf6 21. Rxd7 Rxd7 22. Nxe6+ Ke8 23. Qxg6+ Ke7 24. Nd4 Rd5 25. Qe4+ Kd6 26. Rd1 Bxd4 27. Rxd4 Be6 28. Qf4+ Kc6 29. h4 Rxd4 30. Qxd4 b5 31. a3 a5 32. h5 b4 33. axb4 a4 34. h6 a3 35. h7 a2 36. h8=Q a1=Q+ 37. Qxa1 1-0


[Site "https://www.chess.com"]

[Event "Titled Tuesday Blitz March 29 Early 2022"]
[White "Shandrygin, Nikita"]
[Black "Cupid, Kevin"]
[WhiteFideId "24198668"]
[BlackFideId "7700512"]
[WhiteElo "2324"]
[BlackElo "2096"]
[Result "1-0"]
[Round "04"]
[TimeControl "180+1"]
[Date "2022.03.30"]
[WhiteClock "0:00:08"]
[BlackClock "0:00:02"]

1. Nf3 d5 2. g3 Nf6 3. Bg2 c6 4. c4 Bf5 5. Qb3 Qb6 6. d3 e6 7. Be3 Qc7 8. Bf4 Qc8 9. Nbd2 Nbd7 10. Nh4 Bg6 11. O-O Be7 12. cxd5 Nxd5 13. Nxg6 hxg6 14. Nc4 Nc5 15. Qc2 Nxf4 16. gxf4 Qc7 17. Qd2 g5 18. d4 Rd8 19. Ne5 gxf4 20. Qxf4 Bf6 21. Rfd1 Nd7 22. Ng6 Qxf4 23. Nxf4 e5 24. dxe5 Nxe5 25. Rxd8+ Kxd8 26. Rd1+ Kc7 27. b3 g6 28. h3 Bg5 29. Nd3 Rd8 30. Be4 f5 31. Bg2 Nxd3 32. exd3 Kd6 33. d4 Bf6 34. d5 Kc7 35. Rc1 Rd6 36. dxc6 bxc6 37. b4 Kb6 38. a4 Bd4 39. a5+ Kb5 40. Rb1 Bc3 41. Bf1+ Ka4 42. a6 Bxb4 43. Ra1+ Kb3 44. Rb1+ Ka3 45. Bc4 c5 46. Rb3+ Ka4 47. Rg3 Ka5 48. h4 Bd2 49. Rb3 Bb4 50. Rg3 Kb6 51. Bf7 Bd2 52. Bxg6 f4 53. Rg4 c4 54. h5 c3 55. Bc2 Rh6 56. Rg6+ Rxg6+ 57. hxg6 f3 58. g7 1-0


[Site "https://www.chess.com"]

[Event "Titled Tuesday Blitz March 29 Early 2022"]
[White "Shohat, Yotam"]
[Black "Vidruska, Renate"]
[WhiteFideId "2813955"]
[BlackFideId "11601841"]
[WhiteElo "2119"]
[BlackElo "1800"]
[Result "1-0"]
[Round "04"]
[TimeControl "180+1"]
[Date "2022.03.30"]
[WhiteClock "0:00:08"]
[BlackClock "0:00:24"]

1. e4 e5 2. f4 Nf6 3. fxe5 Nxe4 4. Nf3 d6 5. d3 Nc5 6. d4 Ncd7 7. Bc4 Be7 8. O-O O-O 9. Nc3 dxe5 10. dxe5 Nb6 11. Qxd8 Bxd8 12. Bb3 Nc6 13. Be3 Na5 14. Rad1 Nxb3 15. axb3 Be6 16. Ne4 h6 17. Nc5 Bc8 18. Nd4 Be7 19. Nb5 Bd8 20. c4 a6 21. Rxd8 Rxd8 22. Nxc7 Rb8 23. e6 fxe6 24. N5xe6 Bxe6 25. Nxe6 Rd6 26. Bf4 Rxe6 27. Bxb8 Re3 28. Rf3 Re2 29. Ba7 Nd7 30. Bd4 Re1+ 31. Kf2 Rd1 32. Bc3 Nc5 33. Ke2 Rd7 34. b4 Ne4 35. Ke3 Nd6 36. Rf4 Re7+ 37. Kf3 Rd7 38. Rd4 Rf7+ 39. Ke2 Nf5 40. Rf4 Re7+ 41. Kd3 Nd6 42. c5 Nb5 43. Re4 Rd7+ 44. Kc4 Rc7 45. Kd5 Rd7+ 46. Ke6 Rc7 47. Be5 Rc6+ 48. Kd7 Rg6 49. g4 Rg5 50. h4 h5 51. hxg5 hxg4 52. Bg3 a5 53. bxa5 Na7 54. Kc7 Nc6 55. Kxb7 Ne7 56. Rxg4 Nd5 57. Ra4 Nc3 58. bxc3 Kf7 59. a6 Kg6 60. a7 Kh7 61. a8=Q Kg6 62. Qe8+ Kh7 63. Rh4# 1-0


[Site "https://www.chess.com"]

[Event "Titled Tuesday Blitz March 29 Early 2022"]
[White "Shuvalov, Evgenij"]
[Black "Gurevich, Dmitry"]
[WhiteFideId "4187237"]
[BlackFideId "2000407"]
[WhiteElo "2151"]
[BlackElo "2506"]
[Result "1/2-1/2"]
[Round "04"]
[TimeControl "180+1"]
[Date "2022.03.30"]
[WhiteClock "0:00:32"]
[BlackClock "0:00:28"]

1. Nf3 Nf6 2. c4 e6 3. g3 d5 4. Bg2 Be7 5. O-O O-O 6. b3 c5 7. e3 Nc6 8. Qe2 d4 9. d3 e5 10. exd4 exd4 11. Bf4 h6 12. Ne5 Nxe5 13. Bxe5 Bd6 14. Bxf6 Qxf6 15. Nd2 Qd8 16. a3 Re8 17. Qf3 a5 18. Rfe1 Rxe1+ 19. Rxe1 Ra7 20. a4 b6 21. Nb1 Re7 22. Rxe7 Qxe7 23. Qe4 Qxe4 24. Bxe4 f5 25. Bd5+ Kf8 26. Kf1 g5 27. Ke2 Kg7 28. Nd2 Kf6 29. Nf3 g4 30. Nh4 f4 31. Be4 Kg5 32. Ke1 h5 33. Kd2 Bd7 34. Ke1 f3 35. Kd2 Bf8 36. Kd1 Kf6 37. Ng6 Bh6 38. Nh4 Bg5 39. Ke1 Bxh4 40. gxh4 Ke5 41. Bg6 Kf6 42. Be4 Be8 43. Kd2 Ke5 44. Ke1 Kf4 45. Kd2 Bf7 46. Ke1 Ke5 47. Kd2 Kf6 48. Ke1 Bg6 49. Bxg6 Kxg6 50. Kf1 Kf5 51. Ke1 Kf4 52. Kf1 Kf5 53. Ke1 Kf4 54. Kf1 Kf5 1/2-1/2


[Site "https://www.chess.com"]

[Event "Titled Tuesday Blitz March 29 Early 2022"]
[White "Shvedova, Alexandra"]
[Black "Sergienko, Sergey"]
[WhiteFideId "54154782"]
[BlackFideId "4115791"]
[WhiteElo "1912"]
[BlackElo "2193"]
[Result "0-1"]
[Round "04"]
[TimeControl "180+1"]
[Date "2022.03.30"]
[WhiteClock "0:00:04"]
[BlackClock "0:00:07"]

1. e4 c5 2. Ne2 Nc6 3. d4 cxd4 4. Nxd4 d6 5. Nc3 e6 6. g4 Nge7 7. Bg2 Nxd4 8. Qxd4 Nc6 9. Qd1 Be7 10. Be3 Bd7 11. Qe2 O-O 12. O-O-O Rc8 13. h4 Ne5 14. f4 Nc4 15. g5 Qa5 16. Bd2 Qb6 17. b3 d5 18. exd5 Ba3+ 19. Kb1 Nxd2+ 20. Qxd2 Bb4 21. Rh3 Qa5 22. Kb2 Rc5 23. Qd4 Rfc8 24. Rdd3 Bb5 25. dxe6 Bxd3 26. exf7+ Kxf7 27. Qd7+ Kg8 28. Rxd3 Bxc3+ 29. Kb1 Qa3 30. Qe6+ Kh8 31. Rxc3 Rxc3 32. g6 Rxc2 0-1


[Site "https://www.chess.com"]

[Event "Titled Tuesday Blitz March 29 Early 2022"]
[White "Simonovic, Miroslav"]
[Black "Tymrakiewicz, Rafal"]
[WhiteFideId "919152"]
[BlackFideId "1108832"]
[WhiteElo "2043"]
[BlackElo "2205"]
[Result "0-1"]
[Round "04"]
[TimeControl "180+1"]
[Date "2022.03.30"]
[WhiteClock "0:00:04"]
[BlackClock "0:00:18"]

1. d4 Nf6 2. Bg5 c5 3. Bxf6 gxf6 4. c3 cxd4 5. cxd4 Qb6 6. Qc2 Nc6 7. e3 d5 8. Nf3 Bf5 9. Qxf5 Qxb2 10. Qxd5 e6 11. Qb3 Bb4+ 12. Nfd2 Bxd2+ 13. Nxd2 Qxa1+ 14. Nb1 O-O 15. Bd3 Na5 16. Qa3 b6 17. O-O Rac8 18. f4 f5 19. g4 Nc4 20. Qb3 Nxe3 21. Re1 Nxg4 22. h3 Nf6 23. Kf1 Nd5 24. Bxf5 exf5 25. Qxd5 Rfe8 26. Qxf5 Rxe1+ 27. Kf2 Qb2+ 28. Kxe1 Rc1# 0-1


[Site "https://www.chess.com"]

[Event "Titled Tuesday Blitz March 29 Early 2022"]
[White "Smietanska, Wiktoria"]
[Black "Ferreira, Vitor Hugo Vieira"]
[WhiteFideId "21869359"]
[BlackFideId "2119765"]
[WhiteElo "1893"]
[BlackElo "2165"]
[Result "0-1"]
[Round "04"]
[TimeControl "180+1"]
[Date "2022.03.30"]
[WhiteClock "0:00:24"]
[BlackClock "0:01:45"]

1. c4 c6 2. Nf3 d5 3. e3 Nf6 4. Nc3 e6 5. b3 Nbd7 6. Bb2 Bd6 7. Be2 O-O 8. O-O Qe7 9. d4 b6 10. Rc1 Bb7 11. Qd2 Rfd8 12. Rfd1 Rac8 13. Kh1 h6 14. Bd3 c5 15. Qe2 dxc4 16. bxc4 e5 17. dxe5 Nxe5 18. Nxe5 Qxe5 19. f4 Qe6 20. Re1 Re8 21. Qc2 Rcd8 22. Bf5 Qe7 23. Rcd1 Bxf4 24. Rxd8 Rxd8 25. Qf2 Be5 26. Kg1 g6 27. Bh3 h5 28. Rf1 Rd3 29. Kh1 Bxc3 30. Bxc3 Rxc3 31. Qxf6 Qxf6 32. Rxf6 Rc1+ 0-1


[Site "https://www.chess.com"]

[Event "Titled Tuesday Blitz March 29 Early 2022"]
[White "Steinberg, Nitzan"]
[Black "Hua, Lefong"]
[WhiteFideId "2801795"]
[BlackFideId "2602253"]
[WhiteElo "2440"]
[BlackElo "2582"]
[Result "1-0"]
[Round "04"]
[TimeControl "180+1"]
[Date "2022.03.29"]
[WhiteClock "0:01:18"]
[BlackClock "0:00:07"]

1. Nf3 Nf6 2. d4 g6 3. Nbd2 Bg7 4. e4 d6 5. c3 O-O 6. Bd3 c5 7. O-O b6 8. h3 Bb7 9. Re1 e6 10. a4 a6 11. b3 Nbd7 12. Bb2 Qc7 13. Qe2 e5 14. d5 Nh5 15. Qd1 Nf4 16. Bf1 h6 17. g3 Nh5 18. Nc4 Nhf6 19. Bc1 Kh7 20. Ra2 Ne8 21. Nh4 Qd8 22. Bd3 Bf6 23. Ng2 Bg7 24. Nce3 Nc7 25. h4 h5 26. Rf1 b5 27. Ne1 c4 28. bxc4 bxa4 29. Bc2 Nc5 30. Ba3 a5 31. Bxc5 dxc5 32. Bxa4 Qd6 33. Nd3 Rfb8 34. Qf3 f6 35. g4 hxg4 36. Qxg4 Bc8 37. Qf3 Bh6 38. h5 gxh5 39. Nf5 Bxf5 40. Qxf5+ Kg7 41. Kh1 Bg5 42. Bc6 Ra7 43. Rg1 Kh6 44. f4 exf4 45. e5 Qf8 46. Rh2 Ne8 47. Nxf4 Qf7 48. exf6 Qxf6 49. Rxh5+ 1-0


[Site "https://www.chess.com"]

[Event "Titled Tuesday Blitz March 29 Early 2022"]
[White "Tabatabaei, M. Amin"]
[Black "Murzin, Volodar"]
[WhiteFideId "12521213"]
[BlackFideId "44155573"]
[WhiteElo "2544"]
[BlackElo "2585"]
[Result "1-0"]
[Round "04"]
[TimeControl "180+1"]
[Date "2022.03.29"]
[WhiteClock "0:02:35"]
[BlackClock "0:02:09"]

1. d4 d5 2. Nf3 Nf6 3. c3 c5 4. dxc5 Nc6 5. b4 Bg4 6. e3 g6 7. Nbd2 Bg7 8. Bb2 O-O 9. h3 Bxf3 10. Nxf3 Ne4 11. Nd4 a5 12. a3 e5 13. Nxc6 bxc6 14. Bd3 f5 15. O-O Qg5 16. c4 axb4 17. axb4 f4 18. Rxa8 Rxa8 19. cxd5 1-0


[Site "https://www.chess.com"]

[Event "Titled Tuesday Blitz March 29 Early 2022"]
[White "Taboas Rodriguez, Daniel"]
[Black "Sarana, Alexey"]
[WhiteFideId "2208466"]
[BlackFideId "24133795"]
[WhiteElo "2429"]
[BlackElo "2666"]
[Result "0-1"]
[Round "04"]
[TimeControl "180+1"]
[Date "2022.03.29"]
[WhiteClock "0:00:11"]
[BlackClock "0:00:53"]

1. d4 Nf6 2. Nf3 d5 3. c4 e6 4. Bg5 dxc4 5. Qa4+ Nbd7 6. e4 Be7 7. Nc3 a6 8. Qxc4 b5 9. Qd3 Bb7 10. a3 c5 11. e5 cxd4 12. Qxd4 Nd5 13. Bxe7 Qxe7 14. Nxd5 Bxd5 15. Be2 O-O 16. O-O Rfd8 17. Rfd1 Nc5 18. Qb4 a5 19. Qe1 Nb3 20. Rab1 b4 21. axb4 axb4 22. Nd2 Nd4 23. Nf1 Be4 24. Ra1 Rxa1 25. Rxa1 Nc2 26. Qc1 Nxa1 27. Qxa1 Qg5 28. Ng3 Qxe5 29. h3 Bd5 30. Qc1 b3 31. Bf1 g6 32. Ne2 Kg7 33. Nc3 Bb7 34. Nb5 h5 35. Nc3 h4 36. Nb5 Rc8 37. Nc3 Be4 38. Qd1 Rxc3 39. bxc3 b2 40. Bd3 Bxd3 41. Qxd3 Qe1+ 42. Kh2 b1=Q 43. Qd4+ e5 0-1


[Site "https://www.chess.com"]

[Event "Titled Tuesday Blitz March 29 Early 2022"]
[White "Tasev, Dejan"]
[Black "Thomas, Anysia"]
[WhiteFideId "936618"]
[BlackFideId "670472"]
[WhiteElo "2624"]
[BlackElo "2262"]
[Result "1-0"]
[Round "04"]
[TimeControl "180+1"]
[Date "2022.03.30"]
[WhiteClock "0:01:06"]
[BlackClock "0:00:04"]

1. e4 c5 2. Nf3 g6 3. Nc3 Nc6 4. d4 cxd4 5. Nxd4 Bg7 6. Be3 Nf6 7. Bc4 O-O 8. Bb3 Qa5 9. O-O d6 10. h3 Bd7 11. f4 e5 12. Nxc6 Bxc6 13. Qd3 Rae8 14. f5 d5 15. fxg6 hxg6 16. exd5 e4 17. Qc4 Bd7 18. Rad1 Rc8 19. Qe2 a6 20. Bd4 Nh5 21. Bxg7 Kxg7 22. Nxe4 Rfe8 23. Qf3 Bf5 24. Ng3 1-0


[Site "https://www.chess.com"]

[Event "Titled Tuesday Blitz March 29 Early 2022"]
[White "Todorovic, Bojan"]
[Black "Khripachenko, Alexander"]
[WhiteFideId "917087"]
[BlackFideId "54184975"]
[WhiteElo "2266"]
[BlackElo "2177"]
[Result "0-1"]
[Round "04"]
[TimeControl "180+1"]
[Date "2022.03.30"]
[WhiteClock "0:00:20"]
[BlackClock "0:01:10"]

1. d4 Nf6 2. Bg5 c5 3. Bxf6 gxf6 4. d5 Qb6 5. Qc1 f5 6. c3 Bg7 7. e3 d6 8. Nh3 Nd7 9. Nf4 Nf6 10. Be2 Bd7 11. O-O O-O-O 12. a4 Bh6 13. Rd1 Rhg8 14. Na3 a6 15. Nc4 Qc7 16. a5 Kb8 17. Nb6 e5 18. dxe6 Bxe6 19. Bf3 Ne4 20. Qc2 Qc6 21. Nbd5 Ng5 22. Be2 Rge8 23. b4 cxb4 24. Nxb4 Qc5 25. Rab1 Ka7 26. Qd3 Bc8 27. Nbd5 Ne4 28. f3 Bxf4 29. Nxf4 Nxc3 0-1


[Site "https://www.chess.com"]

[Event "Titled Tuesday Blitz March 29 Early 2022"]
[White "Tregubov, Pavel V."]
[Black "Zaksaite, Salomeja"]
[WhiteFideId "4115341"]
[BlackFideId "12801496"]
[WhiteElo "2637"]
[BlackElo "2268"]
[Result "0-1"]
[Round "04"]
[TimeControl "180+1"]
[Date "2022.03.30"]
[WhiteClock "0:01:55"]
[BlackClock "0:01:05"]

1. e4 c5 2. Nf3 e6 3. c3 Nf6 4. e5 Nd5 5. d4 cxd4 6. cxd4 d6 7. Bc4 Nc6 8. O-O Be7 9. Qe2 dxe5 10. dxe5 O-O 11. Rd1 Qa5 12. Bd2 Qb6 13. Nc3 Nxc3 14. Bxc3 Rd8 15. Rxd8+ Bxd8 16. Rd1 Be7 17. Qe4 Qc7 18. Bd3 g6 19. h4 Bd7 20. h5 Be8 21. Qf4 Rd8 22. Bc2 Rxd1+ 23. Bxd1 a5 24. a3 b5 0-1


[Site "https://www.chess.com"]

[Event "Titled Tuesday Blitz March 29 Early 2022"]
[White "Tsydypov, Zhamsaran"]
[Black "Barrientos, Sergio E"]
[WhiteFideId "4108566"]
[BlackFideId "4401824"]
[WhiteElo "2614"]
[BlackElo "2397"]
[Result "1-0"]
[Round "04"]
[TimeControl "180+1"]
[Date "2022.03.29"]
[WhiteClock "0:00:35"]
[BlackClock "0:00:08"]

1. e4 c5 2. Nf3 e6 3. d4 cxd4 4. Nxd4 a6 5. c4 Nf6 6. Nc3 Bb4 7. e5 Ne4 8. Qg4 Nxc3 9. a3 Bf8 10. bxc3 d6 11. Bf4 Qa5 12. Qg3 g5 13. Bxg5 Rg8 14. Nb3 Qb6 15. Nd2 dxe5 16. Ne4 Nd7 17. Rd1 Be7 18. c5 Qa5 19. Qe3 Bxg5 20. Nxg5 Qxc5 21. Qd2 Qd5 22. Qc1 Qc5 23. Ne4 Qc7 24. Be2 f5 25. Qh6 Rg6 26. Qxh7 Kf8 27. Qxg6 fxe4 28. O-O Nc5 29. Qf6+ Kg8 30. Rd8+ 1-0


[Site "https://www.chess.com"]